 Dungeon Sprint DCSS version 0.30-a0-210-g01b79a254e (webtiles) character file.

Game seed: 2789588459936449572

392 mhtbhm the Geomancer (level 6, -13/28 HPs)
             Began as a Gargoyle Earth Elementalist on Oct 4, 2022.
             Mangled by a boulder beetle (41 damage)
             ... in the Dungeon (Sprint II: "The Violet Keep of Menkaure").
             The game lasted 00:00:57 (260 turns).

mhtbhm the Geomancer (Gargoyle Earth Elementalist)   Turns: 260, Time: 00:00:58

Health: -13/28     AC:  8    Str: 11    XL:     6   Next: 80%
Magic:  0/14       EV: 13    Int: 18    God:
Gold:   243        SH:  0    Dex: 10    Spells: 8/18 levels left

rFire   . . .      SeeInvis .      - Unarmed
rCold   . . .      Faith    .    (no shield)
rNeg    + . .      Spirit   .    a - +0 robe
rPois   ∞          Reflect  .    (no helmet)
rElec   +          Harm     .    (no cloak)
rCorr   .          Rampage  .    (no gloves)
Will    .....      NoTele   +    (no boots)
Stlth   +.........               (no amulet)
HPRegen 0.24/turn                (no ring)
MPRegen 0.14/turn                (no ring)

@: contaminated, glowing, very slow
A: sickness immunity, AC +4, negative energy resistance 1, electricity
resistance, torment resistance 1, petrification resistance, iridescent scales 1,
frail 1, low MP 1, roll 1
a: no special abilities


You were in the Dungeon.
You visited 1 branch You collected 243 gold pieces.

Inventory:

Armour
 a - a +0 robe (worn)
Scrolls
 g - a scroll of blinking
Potions
 b - 3 potions of magic
 c - a potion of curing
 d - a potion of heal wounds
 e - a potion of haste


   Skills:
 + Level 4.1 Dodging
 + Level 5.1 Stealth
 + Level 2.0 Unarmed Combat
 + Level 6.7 Spellcasting
 + Level 1.1 Conjurations
 + Level 1.2 Transmutations
 + Level 12.5 Earth Magic


You had 8 spell levels left.
You knew the following spells:

 Your Spells              Type           Power      Damage    Failure   Level
a - Sandblast             Erth           100%       2d20      1%          1
b - Passwall              Tmut/Erth      25%        N/A       1%          2
c - Stone Arrow           Conj/Erth      60%        3d10      1%          3
d - Petrify               Tmut/Erth      30%        N/A       7%          4

Your spell library contained the following spells:

 Spells                   Type           Power      Damage    Failure   Level


Dungeon Overview and Level Annotations

Branches:
Dungeon (1/1)

Altars:

Annotations:
D exclusion: orange crystal statue


Innate Abilities, Weirdness & Mutations

You are immune to sickness and miasma.
Your stone body is resilient. (AC +4)
You are immune to poison.
You resist negative energy. (rN+)
You are resistant to electric shocks. (rElec)
You are resistant to unholy torment.
You are immune to petrification.
You are partially covered in iridescent scales. (AC +2)
You are frail. (-10% HP)
Your magical capacity is low. (-10% MP)
You can roll at nearby foes to attack.


Message History

A water moccasin comes into view.
The water moccasin hisses angrily.
The water moccasin bites you but does no damage.
The boulder beetle waves its antennae.
The water moccasin barely misses you.
The boulder beetle curls into a ball and begins rolling!
Casting: Stone Arrow (safe; 1% risk of failure)
Confirm with . or Enter, or press ? or * to list all spells.
Aiming: Stone Arrow (safe; 1% risk of failure)
Press: ? - help, Shift-Dir - straight line, f - water moccasin
Aim: a water moccasin (57% to hit)
You miscast Stone Arrow.
Nothing appears to happen.
The water moccasin completely misses you.
The water moccasin bites you but does no damage.
Unknown command.
Unknown command.
Casting: Stone Arrow (safe; 1% risk of failure)
Confirm with . or Enter, or press ? or * to list all spells.
You don't have enough magic to cast this spell.
Unknown command.
Unknown command.
Casting: Stone Arrow (safe; 1% risk of failure)
Confirm with . or Enter, or press ? or * to list all spells.
Aiming: Sandblast (safe; 1% risk of failure)
Press: ? - help, Shift-Dir - straight line, f/p - water moccasin
Aim: a water moccasin (76% to hit)
The blast of sand hits the water moccasin!!
The water moccasin is severely wounded.
The water moccasin bites you but does no damage.
The water moccasin barely misses you.
Casting: Sandblast (safe; 1% risk of failure)
Confirm with . or Enter, or press ? or * to list all spells.
Aiming: Sandblast (safe; 1% risk of failure)
Press: ? - help, Shift-Dir - straight line, f/p - water moccasin
Aim: a water moccasin (severely wounded, 76% to hit)
The blast of sand misses the water moccasin.
The water moccasin bites you but does no damage.
The boulder beetle hits you!!!
Ouch! That really hurt!
You die...

#.##.## .'
#'.<.+ .#~
###.## ##~#
##'# ~°#
##.#.#
~°~#.†##.# ~
#°##..### ~~~
#○S##'##~~§≈§
#B@~~~~~~~~≈
#+++#+++#~§≈
#≈≈≈≈§§≈#
#≈§§≈≈≈§≈≈#
§§≈§≈≈8≈§≈≈§+
S##§§§≈≈≈≈≈§##
##§§§≈≈≈≈##
####'####


You could see a boulder beetle (rolling) and a water moccasin.

Vanquished Creatures
  3 neqoxecs (D)
  3 worms (D)
6 creatures vanquished.

Vanquished Creatures (others)
  Menkaure (D)
1 creature vanquished.

Grand Total: 7 creatures vanquished

Notes
Turn   | Place    | Note
-------+----------+-------------------------------------------
     0 | D        | mhtbhm the Gargoyle Earth Elementalist began the quest for
                  | the Orb.
     0 | D        | Reached XP level 1. HP: 10/10 MP: 3/3
     1 | D        | Noticed a neqoxec
     1 | D        | Gained mutation: Your magical capacity is low. (-10% MP) [a
                  | neqoxec]
     3 | D        | Gained mutation: You are frail. (-10% HP) [a neqoxec]
     9 | D        | Killed a neqoxec
    10 | D        | Reached skill level 1 in Unarmed Combat
    10 | D        | Reached skill level 1 in Transmutations
    10 | D        | Reached skill level 9 in Earth Magic
    10 | D        | Reached XP level 2. HP: 13/13 MP: 1/6
    10 | D        | Reached XP level 3. HP: 17/17 MP: 1/8
    10 | D        | Reached XP level 4. HP: 21/21 MP: 1/9
    10 | D        | Reached XP level 5. HP: 25/25 MP: 1/10
    47 | D        | Killed Menkaure
    71 | D        | Learned a level 2 spell: Passwall
    75 | D        | Learned a level 3 spell: Stone Arrow
    80 | D        | Learned a level 4 spell: Petrify
    83 | D        | Noticed a boulder beetle
    83 | D        | Noticed a boulder beetle
   153 | D        | Noticed a neqoxec
   156 | D        | Gained mutation: You are partially covered in iridescent
                  | scales. (AC +2) [a neqoxec]
   158 | D        | Killed a neqoxec
   159 | D        | Reached skill level 5 in Spellcasting
   159 | D        | Reached skill level 11 in Earth Magic
   159 | D        | Reached XP level 6. HP: 28/28 MP: 2/13
   247 | D        | Noticed an orange crystal statue
   248 | D        | Noticed a neqoxec
   251 | D        | Gained mutation: You can roll at nearby foes to attack. [a
                  | neqoxec]
   253 | D        | Killed a neqoxec
   254 | D        | Reached skill level 5 in Stealth
   254 | D        | Reached skill level 1 in Conjurations
   254 | D        | Reached skill level 12 in Earth Magic
   256 | D        | Noticed a water moccasin
   260 | D        | Mangled by a boulder beetle

Illustrated notes

Levels and vault maps discovered:
D:        the_violet_keep_of_menkaure [sprint2_stairs_cluster_1,
          sprint2_shoproom, sprint2_temple, sprint2_basic_supplies,
          sprint2_obstacle_4, sprint2_obstacle_6, sprint2_obstacle_5,
          sprint2_obstacle_7, sprint2_obstacle_2, sprint2_timed_cluster_1,
          sprint2_smallroom_cluster_1, sprint2_smallroom_final_cluster_1,
          sprint2_transparent_cluster_1, sprint2_second_timed_cluster_1,
          sprint2_sniper_area_1, sprint2_heavy_combat_area_1,
          sprint2_mutation_trap_area_1, sprint2_forest_area_1,
          sprint2_light_combat_area_1, sprint2_behind_water_1,
          sprint2_near_end_vault_1]

Skill      XL: |  1  2  3  4  5  6 |
---------------+-------------------+-----
Dodging        | 3 4 |  4.1
Stealth        | 4 5 |  5.1
Unarmed Combat | 1 2 |  2.0
Spellcasting   | 4 5 6 |  6.7
Transmutations | 1 |  1.2
Earth Magic    | 9 11 12 | 12.5
Conjurations   | 1 |  1.1

Action                   |  1- 3 |  4- 6 || total
-------------------------+-------+-------++-------
Melee: Unarmed           |     5 |       ||     5
 Cast: Sandblast         |     2 |     8 ||    10
       Stone Arrow       |       |     5 ||     5
  Use: Potion            |     1 |       ||     1
Armor: Robe              |     1 |     4 ||     5
Dodge: Dodged            |     2 |     3 ||     5

Table legend: (Time is in decaauts)
 A = Elapsed time spent in this place.
 B = Non-inter-level travel time spent in this place.
 C = Inter-level travel time spent in this place.
 D = Time resting spent in this place.
 E = Time spent auto-exploring this place.
 F = Levels seen in this place.
 G = Mean time per level.
                   A        B        C        D        E       F      G
               +--------+--------+--------+--------+--------+-----+--------+
         Total |    276 |    276 |      0 |    197 |      0 |   1 |  276.0 |
       Dungeon |    276 |    276 |      0 |    197 |      0 |   1 |  276.0 |
               +--------+--------+--------+--------+--------+-----+--------+

Top non-repeatable levels by time:
       D: 276 daAuts
